Map: Golden Wall LE

Players

IIIIIIIIIIII

  • Race: Terran Terran
  • League: Master
  • Spawn Location: 5:00

NORTHAMERICA - Winner!

  • Race: Protoss Protoss
  • League: Grandmaster
  • Spawn Location: 7:00

VOD

Have the link to the VOD?

Description

Time

  • Played on: May 27, 2020, 4:41 a.m.
  • Length: 25:36
Show
View Real Time Build Order
Export as new Build Order

IIIIIIIIIIII Terran 

Build Orders: Reaper Expand 

Get SALT Encoding   

  12  0:02  SCV  
  13  0:14  SCV  
  13  0:18  Supply Depot  
  14  0:26  SCV  
  15  0:40  SCV  
  15  0:41  Barracks  
  16  0:45  Refinery  
  16  0:52  SCV  
  17  1:04  SCV  
  18  1:16  SCV  
  19  1:29  Reaper  
  19  1:30  Orbital Command  
  20  1:42  Command Center  
  20  1:51  Bunker  
  20  1:55  SCV  
  21  2:01  Marine  
  21  2:05  Supply Depot  
  21  2:08  SCV  
  23  2:18  Factory  
  23  2:23  Barracks Reactor  
  23  2:26  SCV  
  23  2:27  Refinery  
  24  2:38  SCV  
  25  2:50  SCV  
  26  2:56  Orbital Command  
  26  3:01  Marine x2  
  26  3:02  Widow Mine  
  26  3:03  SCV  
  30  3:07  Starport  
  30  3:19  SCV, Marine x2  
  33  3:22  SCV  
  33  3:25  Widow Mine  
  36  3:31  SCV  
  37  3:34  SCV  
  37  3:36  Marine  
  37  3:37  Marine  
  37  3:38  Supply Depot  
  40  3:54  Widow Mine  
  42  3:55  SCV  
  42  3:56  SCV  
  42  3:57  Marine x2  
  42  3:58  Starport Tech Lab  
  42  4:00  Fusion Core  
  46  4:03  Refinery  
  46  4:05  Supply Depot  
  46  4:08  SCV x2  
  48  4:17  Factory Tech Lab  
  48  4:20  SCV x2, Supply Depot  
  48  4:21  Marine x2  
  52  4:32  SCV x2  
  52  4:34  Supply Depot  
  54  4:40  Marine x2  
  56  4:46  SCV x2  
  56  4:49  Battlecruiser, Refinery  
  64  4:58  SCV x2  
  64  4:59  Supply Depot  
  66  5:00  Weapon Refit  
  66  5:07  Marine  
  66  5:08  Marine  
  66  5:14  SCV x2  
  67  5:16  Widow Mine  
  69  5:26  Command Center, SCV x2  
  71  5:28  Supply Depot  
  71  5:38  Starport  
  71  5:43  Siege Tank  
  71  5:45  SCV x2  
  71  5:46  Marine x2  
  78  5:51  Supply Depot  
  78  5:58  Battlecruiser  
  78  5:59  SCV  
  78  6:02  SCV  
  86  6:06  Engineering Bay  
  86  6:14  SCV x2  
  86  6:15  Supply Depot  
  86  6:18  Siege Tank  
  91  6:25  Starport Tech Lab  
  91  6:29  SCV x2  
  91  6:31  Marine x2  
  91  6:32  Supply Depot  
  95  6:35  Missile Turret  
  95  6:37  Missile Turret, Supply Depot  
  95  6:50  Battlecruiser  
  95  6:53  Orbital Command  
  102  6:54  SCV x2  
  102  6:57  Siege Tank  
  106  7:19  Supply Depot  
  106  7:20  Battlecruiser  
  106  7:22  Supply Depot  
  112  7:23  SCV x2  
  114  7:34  Bunker  
  114  7:35  Bunker, SCV  
  115  7:37  Marine x2  
  115  7:38  Missile Turret  
  115  7:42  Orbital Command  
  117  7:52  Missile Turret, SCV  
  117  7:53  SCV  
  117  7:54  Refinery  
  117  7:55  Missile Turret  
  117  7:56  Refinery  
  117  7:57  Missile Turret  
  119  8:05  SCV x2  
  121  8:06  Siege Tank  
  124  8:15  SCV  
  124  8:17  SCV x2, Armory  
  124  8:19  Armory  
  127  8:27  Factory, SCV  
  127  8:28  Factory  
  127  8:29  SCV  
  129  8:35  Supply Depot x2  
  129  8:37  Supply Depot  
  129  8:41  Sensor Tower  
  129  8:44  SCV x2  
  129  8:48  Siege Tank  
  134  8:49  Barracks Tech Lab  
  134  9:01  Command Center  
  134  9:06  Battlecruiser  
  134  9:08  Terran Vehicle Weapons Level 1  
  140  9:11  Terran Vehicle And Ship Armor Level 1  
  140  9:19  Battlecruiser  
  146  9:29  SCV  
  146  9:30  SCV x2  
  149  9:33  Hellion x2  
  149  9:34  Siege Tank  
  149  9:35  Siege Tank  
  159  9:48  Refinery  
  159  9:49  Refinery  
  159  9:58  Factory  
  159  10:00  Factory  
  159  10:02  Hellion x2, Missile Turret  
  159  10:05  Mag-Field Accelerator  
  159  10:06  Missile Turret  
  163  10:09  Command Center  
  163  10:13  Missile Turret  
  163  10:15  Missile Turret  
  163  10:22  Command Center  
  163  10:41  Siege Tank x2  
  169  10:43  Factory Tech Lab  
  169  10:44  Factory Tech Lab  
  169  10:46  Planetary Fortress  
  169  10:52  Hellion x2  
  173  11:11  Battlecruiser x2  
  177  11:12  Hellion  
  176  11:22  Siege Tank  
  176  11:23  Siege Tank, Hellion x2  
  166  11:39  Factory Tech Lab  
  150  11:40  Factory Tech Lab  
  150  11:44  Hellion, Orbital Command  
  144  11:50  SCV  
  144  11:51  SCV  
  142  11:54  Siege Tank  
  142  11:55  Siege Tank  
  142  12:08  Refinery  
  142  12:14  SCV  
  143  12:19  Missile Turret  
  143  12:20  SCV  
  143  12:21  SCV x2  
  146  12:26  SCV  
  147  12:32  SCV  
  147  12:33  SCV x2  
  150  12:38  SCV  
  150  12:42  SCV  
  152  12:45  Missile Turret, SCV x3  
  152  12:49  Missile Turret  
  152  12:50  SCV  
  150  12:51  Starport Tech Lab  
  150  12:52  Siege Tank x2  
  150  12:53  Siege Tank  
  150  12:55  SCV  
  150  12:57  Terran Ship Weapons Level 1, SCV x2  
  162  13:00  SCV  
  162  13:02  SCV  
  162  13:03  SCV  
  165  13:07  SCV  
  166  13:15  Siege Tank, Hellion  
  166  13:19  Hellion  
  169  13:24  Siege Tank x2  
  169  13:25  Siege Tank  
  169  13:26  SCV x3  
  169  13:27  SCV x3  
  169  13:37  Hellion  
  169  13:40  Hellion  
  159  13:43  Orbital Command  
  154  13:48  SCV  
  154  13:49  SCV x3  
  149  13:57  Siege Tank x2  
  151  14:05  Siege Tank, Hellion  
  151  14:06  Hellion, SCV  
  151  14:07  SCV  
  156  14:13  SCV x3  
  159  14:20  SCV x3  
  162  14:25  SCV x3  
  162  14:27  Barracks Tech Lab  
  162  14:28  Starport Tech Lab  
  162  14:29  Siege Tank  
  168  14:32  Factory Tech Lab  
  168  14:34  SCV x2  
  168  14:35  Armory  
  170  14:41  Missile Turret  
  170  14:43  Missile Turret  
  170  14:48  Missile Turret  
  170  14:49  Missile Turret  
  170  14:50  Missile Turret  
  170  14:53  SCV  
  170  14:54  SCV x5  
  176  15:06  Terran Vehicle Weapons Level 2, Hellion x3  
  182  15:13  Fusion Core  
  182  15:16  SCV  
  182  15:17  SCV x4  
  188  15:21  Siege Tank, Hellion  
  192  15:29  SCV x3  
  192  15:32  SCV  
  183  15:40  Siege Tank x2  
  183  15:41  Hellion x2  
  164  15:43  Siege Tank  
  165  15:53  Siege Tank  
  161  16:02  Hellion x2  
  152  16:12  Siege Tank x2  
  152  16:14  Orbital Command  
  152  16:15  Siege Tank  
  158  16:22  Battlecruiser  
  158  16:24  Battlecruiser  
  161  16:42  SCV x3  
  164  17:03  Siege Tank x2  
  170  17:09  Siege Tank, Hellion  
  175  17:20  Siege Tank  
  175  17:21  Hellion  
  180  18:08  Hellion, SCV  
  180  18:09  SCV  
  180  18:10  Hellion x3, SCV x2, Cyclone  
  180  18:11  Siege Tank  
  156  18:20  SCV  
  156  18:22  SCV x3  
  142  18:31  Siege Tank x2  
  142  18:32  Hellion, SCV  
  142  18:34  SCV  
  152  18:40  SCV x2  
  154  18:42  Siege Tank  
  154  18:43  Siege Tank  
  154  18:44  SCV  
  154  18:46  SCV  
  124  19:03  Siege Tank x2, Refinery  
  124  19:04  Refinery  
  124  19:07  Command Center  
  119  19:21  Siege Tank x2  
  119  19:22  Widow Mine x2  
  119  19:23  Drilling Claws  
  120  19:40  Siege Tank  
  120  19:41  Siege Tank  
  120  19:44  Hellion  
  127  19:46  Infernal Pre-Igniter  
  127  20:05  Missile Turret  
  127  20:06  Missile Turret  
  127  20:19  Siege Tank x4  
  127  20:21  Hellion  
  135  20:30  Planetary Fortress  
  135  20:36  Refinery x2  
  135  20:40  Hellion  
  135  20:42  Hellion  
  139  20:43  Missile Turret  
  139  20:47  SCV  
  140  20:51  Hellion  
  140  20:56  Widow Mine x3  
  148  21:01  Widow Mine  
  148  21:04  Widow Mine  
  152  21:05  Battlecruiser  
  152  21:07  Sensor Tower  
  158  21:13  Widow Mine  
  133  21:27  Siege Tank, Hellion, Cyclone  
  133  21:28  Hellion x2  
  145  21:33  SCV  
  145  21:34  Hellion  
  145  21:38  SCV x3  
  146  21:45  SCV  
  147  21:49  Hellion x3  
  147  21:50  SCV x2  
  151  21:56  Siege Tank  
  151  21:59  Hellion x2  
  151  22:00  SCV  
  147  22:02  SCV  
  147  22:07  SCV  
  140  22:15  SCV x2  
  140  22:19  SCV  
  142  22:28  SCV x2  
  142  22:29  Orbital Command  
  144  22:31  SCV  
  145  22:40  SCV x2  
  145  22:43  SCV  
  140  22:56  SCV  
  140  22:57  SCV x3  
  144  23:02  Hellion  
  144  23:03  Hellion x2  
  150  23:08  SCV  
  150  23:09  SCV x3  
  126  23:36  Hellion x6  
  132  23:47  SCV  
  130  23:53  Orbital Command  
  116  23:57  Hellion  
  116  23:58  Hellion x2  
  116  23:59  SCV  
  108  24:11  SCV  
  103  24:23  SCV  
  58  25:11  Hellion x3  
Show
View Real Time Build Order
Export as new Build Order

NORTHAMERICA Protoss - Winner!

Build Orders: 1 Gate Expand, Phoenix Opening, Colossus Rush 

Get SALT Encoding   

  12  0:01  Probe  
  13  0:13  Probe  
  14  0:18  Pylon  
  14  0:25  Probe  
  15  0:37  Gateway, Probe (Chrono Boost)  
  16  0:47  Assimilator  
  16  0:48  Probe (Chrono Boost)  
  17  0:53  Probe (Chrono Boost)  
  18  1:03  Probe  
  19  1:15  Probe  
  20  1:25  Nexus  
  20  1:35  Cybernetics Core  
  20  1:38  Probe  
  21  1:46  Assimilator  
  21  1:51  Pylon  
  21  1:52  Probe  
  22  2:03  Probe  
  23  2:09  Adept (Chrono Boost)  
  23  2:12  Probe  
  25  2:20  Probe  
  25  2:22  Stargate  
  27  2:31  Probe, Warp Gate  
  29  2:37  Probe  
  29  2:41  Stalker (Chrono Boost)  
  29  2:43  Probe  
  32  2:55  Probe  
  33  3:01  Probe  
  34  3:07  Phoenix (Chrono Boost)  
  34  3:08  Probe  
  37  3:14  Probe  
  38  3:20  Probe  
  38  3:25  Gateway  
  38  3:26  Phoenix (Chrono Boost), Probe  
  40  3:32  Probe  
  43  3:34  Gateway  
  43  3:39  Pylon  
  44  3:41  Probe  
  44  3:48  Phoenix (Chrono Boost)  
  44  3:54  Pylon  
  46  3:58  Probe  
  46  3:59  Assimilator  
  47  4:03  Robotics Facility  
  47  4:08  Probe  
  48  4:10  Assimilator  
  48  4:12  Probe  
  48  4:13  Phoenix  
  51  4:20  Probe  
  52  4:24  Probe  
  52  4:27  Pylon  
  53  4:32  Probe  
  53  4:37  Probe  
  55  4:40  Pylon  
  55  4:41  Stalker  
  55  4:44  Probe  
  58  4:49  Sentry, Probe  
  61  4:54  Robotics Bay  
  61  4:55  Forge  
  61  4:56  Probe  
  61  4:58  Observer (Chrono Boost)  
  64  5:11  Phoenix  
  64  5:14  Nexus  
  63  5:19  Pylon  
  63  5:21  Probe  
  64  5:23  Probe  
  65  5:32  Protoss Ground Weapons Level 1  
  65  5:38  Probe  
  65  5:40  Colossus (Chrono Boost)  
  65  5:42  Gateway  
  66  5:47  Probe  
  73  5:50  Probe  
  74  6:01  Gateway  
  74  6:02  Gateway  
  74  6:03  Probe  
  75  6:16  Probe x2  
  77  6:23  Pylon  
  83  6:28  Probe x2  
  83  6:31  Observer  
  83  6:32  Pylon  
  85  6:35  Twilight Council  
  85  6:36  Forge  
  77  6:40  Stalker x4  
  77  6:45  Probe (Chrono Boost)  
  77  6:46  Probe (Chrono Boost)  
  87  6:47  Void Ray  
  92  6:55  Probe (Chrono Boost)  
  92  6:57  Assimilator, Probe (Chrono Boost)  
  92  6:58  Probe (Chrono Boost)  
  94  7:01  Assimilator  
  94  7:07  Probe (Chrono Boost)  
  94  7:15  Probe  
  95  7:17  Protoss Ground Armor Level 1 (Chrono Boost), Photon Cannon  
  95  7:19  Nexus  
  95  7:20  Photon Cannon, Shield Battery, Pylon  
  95  7:22  Blink (Chrono Boost)  
  96  7:25  Probe (Chrono Boost)  
  99  7:30  Sentry  
  99  7:32  Probe (Chrono Boost)  
  99  7:34  Probe (Chrono Boost)  
  99  7:36  Probe (Chrono Boost)  
  102  7:41  Probe (Chrono Boost)  
  102  7:43  Photon Cannon  
  103  7:45  Shield Battery  
  103  7:48  Stalker x2, Shield Battery  
  107  7:54  Templar Archives  
  107  7:56  Probe  
  104  8:06  Probe x2  
  104  8:09  Probe  
  104  8:11  Stalker x3  
  109  8:13  Protoss Ground Weapons Level 2 (Chrono Boost)  
  109  8:17  Shield Battery  
  109  8:18  Probe x2  
  111  8:21  Probe  
  111  8:26  Warp Prism (Chrono Boost)  
  112  8:27  Photon Cannon  
  112  8:29  Shield Battery  
  112  8:30  Probe x2  
  112  8:33  Probe  
  117  8:36  High Templar x5  
  127  8:42  High Templar  
  127  8:47  Gateway  
  129  8:48  Gateway  
  129  8:52  Pylon  
  129  8:53  Archon  
  129  8:56  Archon  
  129  8:57  Assimilator, Archon  
  129  8:59  Assimilator  
  129  9:04  Pylon x2  
  129  9:09  Stalker x2  
  133  9:14  Stalker x2, Charge (Chrono Boost)  
  133  9:15  Stalker  
  139  9:19  Nexus  
  139  9:21  Pylon  
  139  9:22  Stalker  
  139  9:23  Protoss Ground Armor Level 2 (Chrono Boost)  
  141  9:35  Stalker x2  
  141  9:36  Shield Battery  
  145  9:42  Gateway  
  145  9:44  Gateway  
  145  9:47  Pylon  
  145  9:53  High Templar  
  145  9:54  High Templar x2  
  145  9:55  High Templar  
  153  10:01  Zealot, Archon x2  
  153  10:02  Zealot x3  
  161  10:07  Pylon  
  161  10:09  Pylon  
  161  10:19  Photon Cannon  
  161  10:23  Photon Cannon, Probe  
  161  10:24  Shield Battery  
  161  10:26  Protoss Ground Weapons Level 3 (Chrono Boost)  
  162  10:38  Warp Prism (Chrono Boost)  
  162  10:39  Photon Cannon  
  162  10:40  Probe  
  165  10:44  Gravitic Drive  
  165  10:52  Probe x5  
  170  11:02  Zealot x2  
  170  11:03  Zealot x6  
  170  11:04  Zealot, Warp Prism (Chrono Boost)  
  164  11:29  Stalker x3  
  164  11:30  Stalker x4  
  164  11:31  Immortal  
  150  11:42  Stalker x3  
  142  12:04  High Templar x3  
  136  12:10  Zealot x2  
  136  12:11  Zealot x2  
  136  12:12  Sentry  
  136  12:13  High Templar  
  148  12:16  Assimilator  
  148  12:21  Assimilator  
  148  12:27  Nexus  
  148  12:28  Archon x2, Pylon  
  148  12:30  Immortal  
  148  12:35  High Templar  
  148  12:36  High Templar x3  
  160  12:37  High Templar x2, Stalker  
  160  12:38  Stalker x2  
  160  12:42  Archon x2  
  160  12:43  Archon  
  170  12:54  Photon Cannon  
  170  12:57  Photon Cannon, Shield Battery  
  170  12:59  Protoss Shields Level 1 (Chrono Boost)  
  170  13:00  Probe  
  171  13:06  Nexus  
  170  13:14  Zealot x4, Stalker  
  170  13:15  Zealot x2, Stalker x2  
  170  13:16  Zealot  
  155  13:35  Stalker x3  
  155  13:37  Probe  
  155  13:39  Zealot x5  
  147  13:44  Probe x4  
  140  13:49  Probe  
  135  13:56  Probe x2  
  135  13:57  Probe x2  
  135  14:01  Probe (Chrono Boost)  
  128  14:07  High Templar x2  
  128  14:08  High Templar x6, Probe (Chrono Boost)  
  128  14:09  High Templar, Probe (Chrono Boost)  
  146  14:13  Probe x3 (Chrono Boost)  
  146  14:15  Archon x3  
  146  14:16  Archon  
  139  14:18  High Templar  
  139  14:20  Probe x2 (Chrono Boost)  
  139  14:22  Probe (Chrono Boost)  
  139  14:23  Probe x2 (Chrono Boost)  
  144  14:24  Probe x2 (Chrono Boost)  
  144  14:27  Probe  
  144  14:30  Probe  
  148  14:33  Probe x2  
  148  14:35  Warp Prism (Chrono Boost), Probe x3  
  155  14:38  Archon  
  155  14:41  Assimilator  
  155  14:42  High Templar x5  
  155  14:43  High Templar x4  
  173  14:47  Archon x2  
  173  14:48  Archon x2  
  173  14:55  Gateway x2  
  173  15:01  Pylon  
  173  15:03  Twilight Council  
  173  15:04  Observer  
  174  15:08  Zealot  
  176  15:15  Assimilator  
  176  15:18  Assimilator  
  176  15:26  Zealot x4  
  176  15:27  Zealot x4  
  186  15:40  Zealot  
  186  15:41  Zealot  
  164  15:53  Protoss Shields Level 2 (Chrono Boost), Probe  
  161  16:00  Probe  
  161  16:02  Probe  
  153  16:13  Probe  
  153  16:14  Probe  
  145  16:23  Zealot x4  
  145  16:24  Zealot x4  
  145  16:25  Zealot x2  
  165  16:26  Stalker  
  159  16:34  Immortal (Chrono Boost)  
  127  16:43  High Templar x2, Stargate  
  127  16:44  High Templar x4  
  127  16:45  Zealot, High Templar  
  127  16:46  Zealot x3  
  149  16:49  Observer, Probe  
  149  16:50  Archon x3  
  149  16:51  Zealot, Archon  
  152  16:55  Protoss Air Weapons Level 1  
  152  17:03  Immortal (Chrono Boost)  
  152  17:06  Stalker x2  
  152  17:07  Stalker x2  
  162  17:15  Zealot  
  162  17:16  Zealot x5  
  162  17:17  Zealot x2  
  174  17:28  Zealot  
  174  17:29  Zealot x3  
  182  17:35  Immortal  
  186  17:39  High Templar x5  
  186  17:40  High Templar x2  
  199  17:44  Archon x2  
  199  17:45  Archon  
  198  17:52  Stalker  
  198  17:55  Assimilator  
  196  17:59  Assimilator  
  170  18:13  Zealot x2  
  170  18:14  Zealot x4  
  114  18:27  High Templar  
  114  18:28  High Templar x5  
  114  18:29  Probe  
  125  18:34  Archon x2  
  125  18:35  Archon  
  125  18:36  Stalker x6  
  92  18:55  Stalker x2  
  92  19:00  Stalker x2  
  92  19:01  Stalker x6  
  92  19:02  Stalker x2  
  112  19:21  High Templar x2  
  116  19:28  Nexus  
  116  19:32  Sentry x2, Archon  
  116  19:33  High Templar x3  
  116  19:34  Zealot, High Templar  
  116  19:35  Zealot x3  
  116  19:37  Immortal  
  140  19:41  Archon  
  140  19:42  Archon  
  140  19:45  Void Ray (Chrono Boost)  
  144  19:53  Fleet Beacon  
  144  19:56  Zealot x4  
  152  20:00  Zealot x3  
  152  20:01  Zealot x2  
  152  20:05  Pylon  
  162  20:09  High Templar x3  
  168  20:15  Archon  
  168  20:23  Nexus  
  168  20:25  Pylon  
  168  20:27  Nexus  
  168  20:28  Protoss Shields Level 3 (Chrono Boost)  
  168  20:34  High Templar x4  
  176  20:39  Archon  
  176  20:40  Zealot x4, Archon  
  176  20:41  Zealot x3  
  190  20:50  Assimilator  
  190  20:55  Protoss Air Weapons Level 2 (Chrono Boost)  
  188  20:59  Zealot  
  188  21:00  Zealot  
  188  21:01  Zealot x4  
  200  21:08  Assimilator  
  178  21:27  Zealot x3  
  178  21:28  Zealot x6  
  178  21:29  Zealot x2  
  200  21:36  Observer (Chrono Boost)  
  191  21:41  Carrier (Chrono Boost)  
  191  21:44  Carrier (Chrono Boost)  
  189  21:55  Photon Cannon  
  189  21:58  Psionic Storm  
  189  21:59  Photon Cannon  
  189  22:00  Probe  
  160  22:07  Observer (Chrono Boost)  
  153  22:08  High Templar x2  
  153  22:09  High Templar x2  
  153  22:15  Zealot x6  
  167  22:16  Zealot x2  
  167  22:20  Observer (Chrono Boost)  
  172  22:32  Probe  
  173  22:37  Photon Cannon  
  173  22:40  Photon Cannon  
  173  22:42  Shield Battery  
  173  22:51  High Templar x4  
  175  22:56  Archon x2  
  175  22:58  Zealot x6  
  177  22:59  Zealot x2  
  177  23:01  Carrier (Chrono Boost)  
  193  23:07  Carrier (Chrono Boost)  
  162  23:20  Stalker x2  
  162  23:21  Stalker x5  
  172  23:44  Zealot x5  
  172  23:45  Zealot  
  172  23:57  Carrier  
  172  23:58  Carrier  
  176  24:10  High Templar x4  
  176  24:11  High Templar  
  176  24:16  High Templar, Archon x2  
  181  24:17  Stalker x3  
  181  24:22  Zealot  
  181  24:23  Zealot x2, Archon  
  139  24:56  Stalker x4  
  139  24:57  Stalker x5  
  163  25:17  Nexus, Pylon  
  163  25:19  Sentry  
  163  25:21  High Templar x4  
  169  25:22  High Templar x2  
  169  25:27  Archon x3  
Tags
 
Add a new tag
Caveats
  • Supply blocks, unpowered buildings, or Contaminate may cause inaccurate times.
  • Supply counts are checked every 10 seconds.